 Dungeon Crawl Stone Soup version 0.23-a0-677-g07611c5 (webtiles) character file.

107 Amnesiac the Insei (level 4, -6/30 HPs)
             Began as an Octopode Transmuter on Jan 9, 2019.
             Mangled by a wight
             ... wielding a cursed +0 morningstar
              (12 damage)
             ... on level 4 of the Dungeon.
             The game lasted 00:02:17 (547 turns).

Amnesiac the Insei (Octopode Transmuter)             Turns: 547, Time: 00:02:18

Health: -6/30      AC:  2    Str: 11    XL:     4   Next: 85%
Magic:  4/7        EV: 20    Int: 16    God:
Gold:   50         SH:  0    Dex: 17    Spells: 2/8 levels left

rFire    . . .     SeeInvis .     - Unarmed
rCold    . . .     Gourm    .   (shield currently unavailable)
rNeg     . . .     Faith    .   (helmet currently unavailable)
rPois    x         Spirit   .   (no amulet)
rElec    .         Reflect  .   g - ring of wizardry
rCorr    .         Harm     .   (no ring)
MR       .....                  (no ring)
Stlth    ++........             (no ring)
HPRegen  0.10/turn              (no ring)
MPRegen  0.10/turn              (no ring)
                                (no ring)
                                (no ring)

@: spider-form (expiring)
A: tiny, almost no armour, stealthy swim, (amphibious), 8 rings, (constrict 8),
deterioration 1, mutation resistance 1, strong 1
a: End Transformation


You were on level 4 of the Dungeon.
You were not hungry.
You were a venomous arachnid creature.
You visited 1 branch of the dungeon, and saw 4 of its levels.

You collected 50 gold pieces.

Inventory:

Missiles
 a - 27 arrows
Jewellery
 g - a ring of wizardry (left front leg)
Wands
 f - a wand of iceblast (5)
Scrolls
 h - a scroll of teleportation {!r, unknown}
Comestibles
 c - 3 rations
 d - 4 chunks of flesh


   Skills:
 + Level 2.3 Fighting
 + Level 2.3 Dodging
 * Level 3.5 Unarmed Combat
 - Level 2.5 Spellcasting
 - Level 3.0 Transmutations


You had 2 spell levels left.
You knew the following spells:

 Your Spells              Type           Power        Failure   Level  Hunger
a - Beastly Appendage     Tmut           ##....       7%          1    #......
b - Sticks to Snakes      Tmut           ##......     9%          2    ##.....
c - Spider Form           Tmut/Pois      #.........   26%         3    ###....

Your spell library contained the following spells:

 Spells                   Type           Power        Failure   Level  Hunger
 Summon Small Mammal      Summ           #...         17%         1    #......
 Call Imp                 Summ           #.......     24%         2    ##.....
 Call Canine Familiar     Summ           #.......     38%         3    ###....
 Summon Guardian Golem    Hex/Summ       #.......     38%         3    ###....
 Ice Form                 Ice/Tmut       #.......     54%         4    #####..
 Blade Hands              Tmut           ##........   67%         5    ######.
 Summon Ice Beast         Ice/Summ       #.......     73%         4    #####..
 Summon Lightning Spire   Summ/Air       #.......     73%         4    #####..


Dungeon Overview and Level Annotations

Branches:
Dungeon (4/15)
 Temple: D:4-7

Altars:
Gozag
Nemelex Xobeh
Okawaru
Uskayaw
Vehumet
Yredelemnul

Shops:
D:4 (


Innate Abilities, Weirdness & Mutations

You cannot wear most types of armour.
You are very stealthy in the water. (Stealth+)
((You are amphibious.))
You can wear up to eight rings at the same time.
((You can use your tentacles to constrict eight enemies at once.))
((Your skin changes colour to match your surroundings (Stealth+).))
((Your rubbery body absorbs attacks. (AC +1, EV +1)))
Your body sometimes deteriorates upon taking damage.
You are somewhat resistant to further mutation.
((Your system is resistant to poisons. (rPois)))
Your muscles are strong. (Str +2)


Message History

It was a potion of ambrosia {!q}.
You are confused.
You feel invigorated. The adder misses you. The adder closely misses you.
You curl up in front of the altar of Gozag.
Gozag does not accept service from beggars like you!
The service fee for joining is currently 62 gold; you only have 50.
You're too confused!
Okay, then.
Okay, then.
You're too confused!
Unknown command.
Press < or > to pray at altars.
You bump into the stone wall.
The adder bites you but does no damage.
You closely miss the adder.
You feel sick. The adder bites you.
You bump into the stone wall.
The adder bites you. The adder barely misses you.
You bump into the stone wall.
The adder closely misses you.
You bump into the stone wall.
You feel less invigorated.
You feel less confused. The adder bites you.
You barely miss the adder.
You feel sick. The adder barely misses you.
You barely miss the adder. You grab the adder. You constrict the adder.
The adder bites you. The adder misses you.
You tentacle-slap the adder. You squeeze the adder.
The adder is almost dead.
You constrict the adder.
You kill the adder!
Training target 3.0 for Transmutations reached!
Your Transmutations skill increases to level 3!
You need to enable at least one skill for training.
Casting: Sticks to Snakes (safe; 3% risk of failure)
Confirm with . or Enter, or press ? or * to list all spells.
You don't know that spell.
Casting: Sticks to Snakes (safe; 3% risk of failure)
Confirm with . or Enter, or press ? or * to list all spells.
You turn into a venomous arachnid creature.
The ogre barely misses you.
You hit the ogre.
The ogre is poisoned.
The ogre is severely wounded.
You feel sick. The ogre misses you.
You hit the ogre.
The ogre is almost dead.
You hit the ogre.
You kill the ogre!
You have reached level 4!
You hit the wight.
The wight is lightly damaged.
The wight hits you with a cursed +0 morningstar!
Ouch! That really hurt!
* * * LOW HITPOINT WARNING * * *
You hit the wight.
The wight is moderately damaged.
You feel sick.
You are no longer poisoned.
The wight closely misses you.
Really quaff
e - a smoky silvery potion {!q}?
It was a potion of mutation {!q}.
You feel extremely strange.
You feel resistant to poisons.
You feel yourself wasting away.
You feel stronger.
You feel genetically stable. The wight barely misses you.
Okay, then.
You barely miss the wight.
The wight is moderately damaged.
The wight hits you with a cursed +0 morningstar!
You die...

. #..#........#..#
#.##................
....##.........∩...
####...............## ...
..........>.......... #...
.#.#####..#.##...8.... ...
...................... #.
#.############..##...#.... #..
#.#⌠#.#.#s#_##.##......... ...
#.8.#.#.#z#._#.#..........
.##.###..z..z..z...#............
......#...z......._#...........)
........8.#.#.#.#._#............
....#..z#.#.#.#⌠#_##.........>..
........############.......#...z
....?.##...##<............###...
#.!... ###S###.Sz..............#


You could see 2 wights.

Vanquished Creatures
  An ogre (D:4)
  An adder (D:4)
  An ooze (D:1)
  A goblin (D:1)
  A quokka (D:3)
  3 frilled lizards
  A kobold (D:2)
  A quokka skeleton (D:4)
10 creatures vanquished.

Vanquished Creatures (collateral kills)
  A howler monkey (D:4)
1 creature vanquished.

Grand Total: 11 creatures vanquished

Notes
Turn   | Place    | Note
-------+----------+-------------------------------------------
     0 | D:1      | Amnesiac the Octopode Transmuter began the quest for the
                  | Orb.
     0 | D:1      | Reached XP level 1. HP: 13/13 MP: 3/3
   267 | D:1      | Reached XP level 2. HP: 17/18 MP: 5/5
   271 | D:1      | Learned a level 2 spell: Sticks to Snakes
   373 | D:4      | Found Orchurph's Weapon Boutique.
   409 | D:4      | Noticed a howler monkey
   421 | D:4      | Killed a howler monkey
   421 | D:4      | Reached XP level 3. HP: 19/24 MP: 3/6
   426 | D:4      | Noticed an ogre
   495 | D:4      | Learned a level 3 spell: Spider Form
   522 | D:4      | Found an iron altar of Okawaru.
   522 | D:4      | Found a hide-covered altar of Uskayaw.
   523 | D:4      | Found a radiant altar of Vehumet.
   524 | D:4      | Found an opulent altar of Gozag.
   526 | D:4      | Found a basalt altar of Yredelemnul.
   527 | D:4      | Found a sparkling altar of Nemelex Xobeh.
   543 | D:4      | Killed an ogre
   543 | D:4      | Reached XP level 4. HP: 22/30 MP: 3/7
   546 | D:4      | Gained mutation: Your system is resistant to poisons.
                  | (rPois) [potion of mutation]
   546 | D:4      | Gained mutation: Your body sometimes deteriorates upon
                  | taking damage. [potion of mutation]
   546 | D:4      | Gained mutation: Your muscles are strong. (Str +2) [potion
                  | of mutation]
   546 | D:4      | Gained mutation: You are somewhat resistant to further
                  | mutation. [potion of mutation]
   547 | D:4      | Mangled by a wight

Vault maps used:
D:1:      dpeg_arrival_three_same_balls
D:2:      gammafunk_temple_overflow_elements, first_ration
D:4:      minitemple, temple_fountains, ebering_ghost_rock_garden, serial_shops,
          shop_statue, minmay_misc_feat_roman, uniq_crazy_yiuf_cottage

Skill      XL: |  1  2  3 |
---------------+----------+-----
Fighting       | 2 |  2.3
Transmutations | 3 |  3.0
Dodging        | |  2.3
Unarmed Combat | |  3.5
Spellcasting   | |  2.5

Action                   |  1- 3 |  4- 6 || total
-------------------------+-------+-------++-------
Melee: Unarmed           |    27 |     3 ||    30
       Tentacles         |     4 |       ||     4
       Constrict         |     4 |       ||     4
 Cast: Sticks to Snakes  |     5 |       ||     5
       Spider Form       |     1 |       ||     1
  Use: Potion            |     1 |     1 ||     2
 Stab: Sleeping          |     2 |       ||     2
Armor: Skin              |     2 |       ||     2
Dodge: Dodged            |    27 |     2 ||    29

Table legend:
 A = Non-vault XP
 B = Vault XP
 C = Vault XP percentage of total XP
 D = Non-vault monster count
 E = Vault monster count
 F = Vault count percentage of total count
                 A         B        C        D         E       F
            +---------+---------+-------+---------+---------+-------
      Total |     153 |       0 |   0.0 |      11 |       0 |   0.0
            +---------+---------+-------+---------+---------+-------
        D:1 |      10 |       0 |   0.0 |       3 |       0 |   0.0
        D:2 |       1 |       0 |   0.0 |       1 |       0 |   0.0
        D:3 |       4 |       0 |   0.0 |       3 |       0 |   0.0
        D:4 |     138 |       0 |   0.0 |       4 |       0 |   0.0
            +---------+---------+-------+---------+---------+-------
